[Event "Early-Titled-Tuesday-Blitz-October-24-2023"]
[Site "Chess.com"]
[Date "2023.10.24"]
[Round "2"]
[White "jasonbolivar"]
[Black "Truequitos"]
[Result "0-1"]
[WhiteElo "2236"]
[BlackElo "2483"]
[TimeControl "180+1"]
[EndTime "8:11:36 PDT"]
[Termination "Truequitos won by resignation"]

1. e4 e6 2. d4 d5 3. e5 c5 4.
c3 Nc6 5. Nf3 Qb6 6. a3 Bd7 7.
b4 cxd4 8. cxd4 Rc8 9. Bb2 Na5 10. Bd3 Nc4 11. Bc1 a5 12. Nc3 axb4 13. Rb1 Qa5 14. axb4 Bxb4 15. Rxb4 Qxb4 16. Bd2 Nxd2 17. Qxd2 Qxc3 0-1

[Event "Early-Titled-Tuesday-Blitz-October-24-2023"]
[Site "Chess.com"]
[Date "2023.10.24"]
[Round "2"]
[White "Legendinunknown"]
[Black "Tonychess32"]
[Result "1-0"]
[WhiteElo "2795"]
[BlackElo "2533"]
[TimeControl "180+1"]
[EndTime "8:11:52 PDT"]
[Termination "Legendinunknown won by resignation"]

1. d4 Nf6 2. c4 e6 3. Nc3 Bb4 4. f3 d5 5. a3 Bxc3+ 6. bxc3 O-O 7. cxd5 exd5 8. e3 Re8 9. Bd3 c6 10. Ne2 Nbd7 11. O-O Nf8 12. Ng3 Ng6 13. Ra2 b6 14.
Re2 Bb7 15. e4 dxe4 16. fxe4 Qd7 17. Ref2 Re7 18. e5 Nd5 19. c4 Nc7 20. Bg5 Qxd4 21. Bxe7 Nxe7 22. Bxh7+ 1-0

[Event "Early-Titled-Tuesday-Blitz-October-24-2023"]
[Site "Chess.com"]
[Date "2023.10.24"]
[Round "2"]
[White "mitrabhaa"]
[Black "Tssunami"]
[Result "0-1"]
[WhiteElo "2834"]
[BlackElo "2419"]
[TimeControl "180+1"]
[EndTime "8:11:58 PDT"]
[Termination "Tssunami won by checkmate"]

1. a3 c5 2. Nf3 Nc6 3. e3 g6 4. c4 Bg7 5. Nc3 Nf6 6. d4 cxd4 7. exd4 d5 8. c5 O-O 9. Bf4 Ne4 10. Bb5 a6 11.
Bxc6 bxc6 12. O-O Bg4 13. Be3 e5 14. dxe5 Nxc3 15. bxc3 Bxe5 16. Rc1 Qf6 17. Bd4 Rfe8 18. Re1 Bxf3 19. Rxe5 Bxd1 20. Rxe8+ Rxe8 21. Bxf6 Re1# 0-1

[Event "Early-Titled-Tuesday-Blitz-October-24-2023"]
[Site "Chess.com"]
[Date "2023.10.24"]
[Round "2"]
[White "yosephtaher"]
[Black "ArmanGhevondyanchess"]
[Result "1-0"]
[WhiteElo "2775"]
[BlackElo "2527"]
[TimeControl "180+1"]
[EndTime "8:12:08 PDT"]
[Termination "yosephtaher won by checkmate"]

1. d4 Nf6 2. Nc3 d5 3. Bf4 g6 4.
e3 Bg7 5. h4 c5 6. Nb5 Na6 7. h5 Nxh5 8. Rxh5 gxh5 9. Qxh5 Be6 10. Nf3 Qa5+ 11. c3 c4 12. Bxc4 Qb6 13. Be2 O-O-O 14.
a4 Rd7 15. a5 Qd8 16. Nxa7# 1-0

[Event "Early-Titled-Tuesday-Blitz-October-24-2023"]
[Site "Chess.com"]
[Date "2023.10.24"]
[Round "2"]
[White "Dixit_Nikhil"]
[Black "Duhless"]
[Result "0-1"]
[WhiteElo "2618"]
[BlackElo "3084"]
[TimeControl "180+1"]
[EndTime "8:12:24 PDT"]
[Termination "Duhless won by resignation"]

1. e4 c5 2. Nf3 e6 3. d4 cxd4 4. Nxd4 Nf6 5. Nc3 Nc6 6. Nxc6 bxc6 7. e5 Nd5 8. Ne4 Qc7 9. f4 Rb8 10. c4 Bb4+ 11. Kf2 O-O 12. Bd3 f5 13. Nd6 Bxd6 14. exd6 Qb6+ 15. Kg3 Nf6 16. Qf3 c5 17. b3 Bb7 18.
Qe2 Qxd6 19. Bb2 Nh5+ 20. Qxh5 Qxd3+ 21. Kh4 Qd2 22. Be5 d6 0-1

[Event "Early-Titled-Tuesday-Blitz-October-24-2023"]
[Site "Chess.com"]
[Date "2023.10.24"]
[Round "2"]
[White "Andrei_Skvortsov"]
[Black "spotbet"]
[Result "1-0"]
[WhiteElo "2664"]
[BlackElo "2325"]
[TimeControl "180+1"]
[EndTime "8:12:41 PDT"]
[Termination "Andrei_Skvortsov won by resignation"]

1. e4 e6 2. d4 d5 3. exd5 e5 4. dxe5 c6 5. d6 f6 6. Nc3 fxe5 7. Qh5+ Kd7 8. Qxe5 Bxd6 9. Qxg7+ Qe7+ 10. Qxe7+ Nxe7 11. Bg5 Kc7 12. O-O-O Rg8 13. Ne4 Rxg5 14. Nxd6 Be6 15.
Nf3 Rd5 16. Ne8+ Kb6 17. Nf6 Rxd1+ 18. Kxd1 h6 19. a3 Na6 20. Bxa6 Kxa6 21. Re1 Rd8+ 22. Kc1 Rd6 23. Ne4 1-0

[Event "Early-Titled-Tuesday-Blitz-October-24-2023"]
[Site "Chess.com"]
[Date "2023.10.24"]
[Round "2"]
[White "Fuzesabonyilaci"]
[Black "Korchmar_Vasiliy"]
[Result "0-1"]
[WhiteElo "2393"]
[BlackElo "2761"]
[TimeControl "180+1"]
[EndTime "8:12:46 PDT"]
[Termination "Korchmar_Vasiliy won by resignation"]

1. d4 Nf6 2. Nc3 d5 3. Bg5 Nbd7 4. f3 c5 5. dxc5 e6 6. e4 Bxc5 7. exd5 exd5 8. Nxd5 O-O 9. Bxf6 Nxf6 10. Nc3 Qb6 11.
Qd2 Bxg1 0-1

[Event "Early-Titled-Tuesday-Blitz-October-24-2023"]
[Site "Chess.com"]
[Date "2023.10.24"]
[Round "2"]
[White "GHANDEEVAM2003"]
[Black "DanielTitichoca"]
[Result "1/2-1/2"]
[WhiteElo "3022"]
[BlackElo "2622"]
[TimeControl "180+1"]
[EndTime "8:12:49 PDT"]
[Termination "Game drawn by agreement"]

1. b3 c5 2. Bb2 Nc6 3. Nf3 d6 4.
e3 Nf6 5. d4 cxd4 6. Nxd4 Bd7 7. Be2 g6 8. Nxc6 Bxc6 9. Bxf6 exf6 10. Bf3 Bg7 11. O-O f5 12. c3 O-O 13. a3 Rc8 14. Ra2 Bxf3 15. Qxf3 Qb6 16. b4 Bxc3 17. Rd1 Be5 18. g3 Rc7 19. Nd2 a5 20. Qd5 axb4 21. axb4 Qxb4 22. Nf3 Qe4 23. Qxe4 fxe4 24. Nxe5 dxe5 25.
Ra5 1/2-1/2

[Event "Early-Titled-Tuesday-Blitz-October-24-2023"]
[Site "Chess.com"]
[Date "2023.10.24"]
[Round "2"]
[White "abelmat"]
[Black "stasOR4ik"]
[Result "1-0"]
[WhiteElo "1997"]
[BlackElo "2403"]
[TimeControl "180+1"]
[EndTime "8:13:26 PDT"]
[Termination "abelmat won by resignation"]

1. d4 d5 2. c4 c6 3. Nf3 Nf6 4. Nc3 e6 5. e3 Nbd7 6. Bd3 Bd6 7. O-O O-O 8. e4 dxe4 9. Nxe4 Nxe4 10. Bxe4 e5 11. dxe5 Nxe5 12. Nxe5 Bxe5 13. Bxh7+ Kxh7 14.
Qh5+ Kg8 15. Qxe5 Re8 16. Qg3 Qd4 17. Bh6 Kf8 18. Rad1 Qxb2 19. Be3 Bf5 20. Bd4 Qxa2 21. Qxg7+ Ke7 22. Bc5+ Ke6 23. Rfe1+ 1-0

[Event "Early-Titled-Tuesday-Blitz-October-24-2023"]
[Site "Chess.com"]
[Date "2023.10.24"]
[Round "2"]
[White "Sanan_Sjugirov"]
[Black "kikoveiga"]
[Result "1-0"]
[WhiteElo "2951"]
[BlackElo "2598"]
[TimeControl "180+1"]
[EndTime "8:13:36 PDT"]
[Termination "Sanan_Sjugirov won by resignation"]

1. d4 e6 2. c4 Nf6 3. Nf3 d5 4. Nc3 Be7 5. Bf4 O-O 6. e3 Nbd7 7. c5 c6 8. Bd3 b6 9. b4 a5 10. a3 Ba6 11. Bxa6 Rxa6 12. O-O b5 13. h3 Qa8 14.
Rb1 Qb7 15. a4 Ne4 16. Nxe4 dxe4 17. Nd2 axb4 18. Rxb4 Nf6 19. axb5 cxb5 20. Qb3 Ra5 21. Rb1 Nd5 22. Rxb5 Rxb5 23. Qxb5 Qxb5 24. Rxb5 Nxf4 25.
exf4 Bf6 26. Nxe4 Bxd4 27. c6 1-0

[Event "Early-Titled-Tuesday-Blitz-October-24-2023"]
[Site "Chess.com"]
[Date "2023.10.24"]
[Round "2"]
[White "santosalberto1987"]
[Black "Gyulamiryan-koryun"]
[Result "1-0"]
[WhiteElo "2417"]
[BlackElo "1946"]
[TimeControl "180+1"]
[EndTime "8:13:36 PDT"]
[Termination "santosalberto1987 won by resignation"]

1. e4 c5 2. Nf3 d6 3. Bb5+ Bd7 4. Bxd7+ Nxd7 5. c4 Ngf6 6. Nc3 g6 7. d4 cxd4 8. Nxd4 Bg7 9. f3 O-O 10. Be3 Nc5 11. Rc1 Rc8 12. b3 Nh5 13. O-O a6 14. Qd2 Qc7 15. Nd5 Qd8 16. Bg5 Ne6 17. Nxe7+ Kh8 18.
Nxe6 1-0

[Event "Early-Titled-Tuesday-Blitz-October-24-2023"]
[Site "Chess.com"]
[Date "2023.10.24"]
[Round "2"]
[White "IsaqueGoncalvesSanto"]
[Black "Aswathchess"]
[Result "0-1"]
[WhiteElo "1824"]
[BlackElo "2637"]
[TimeControl "180+1"]
[EndTime "8:13:41 PDT"]
[Termination "Aswathchess won by checkmate"]

1. d4 e6 2. c4 Nf6 3. Nc3 d5 4.
Nf3 Be7 5. Bg5 O-O 6. e3 b6 7. cxd5 exd5 8. Bd3 h6 9. Bh4 Re8 10. O-O Bb7 11. a3 Nbd7 12. Rc1 a6 13. Bb1 Rc8 14.
h3 Ne4 15. Bxe7 Qxe7 16. Nxe4 dxe4 17. Nd2 Qg5 18. Qg4 Qxg4 19. hxg4 Nf6 20. g5 hxg5 21. Kh2 g6 22. Kg3 Kg7 23. Rh1 Nh5+ 24. Kg4 c5 25. dxc5 Rxc5 26. Rxc5 bxc5 27. Kxg5 f6+ 28. Kg4 Bc8+ 29. Kh4 g5+ 30. Kxh5 Rh8# 0-1

[Event "Early-Titled-Tuesday-Blitz-October-24-2023"]
[Site "Chess.com"]
[Date "2023.10.24"]
[Round "2"]
[White "oggy1984"]
[Black "miraitrunks"]
[Result "1-0"]
[WhiteElo "2440"]
[BlackElo "2133"]
[TimeControl "180+1"]
[EndTime "8:13:46 PDT"]
[Termination "oggy1984 won by resignation"]

1. d4 d5 2. c4 Bf5 3. Nc3 e6 4. cxd5 exd5 5. Nf3 Nf6 6. Bf4 c6 7. e3 Bd6 8. Bxd6 Qxd6 9. Bd3 Bg4 10. h3 Bh5 11. g4 Bg6 12. Ne5 Nbd7 13. f4 Be4 14.
Bxe4 dxe4 15. a3 O-O 16. g5 Nd5 17. Nxe4 Qc7 18. Qd3 Rad8 19. O-O Nxe5 20. fxe5 Qc8 21. Kh2 Rd7 22. Rf3 Rfd8 23. Raf1 b6 24. Nd6 1-0

[Event "Early-Titled-Tuesday-Blitz-October-24-2023"]
[Site "Chess.com"]
[Date "2023.10.24"]
[Round "2"]
[White "HanSchut"]
[Black "SmirnovTimofey2000"]
[Result "1-0"]
[WhiteElo "2280"]
[BlackElo "2401"]
[TimeControl "180+1"]
[EndTime "8:13:47 PDT"]
[Termination "HanSchut won by checkmate"]

1. e4 e5 2. Nf3 Nf6 3. Bc4 Nxe4 4. Nc3 Nxc3 5. dxc3 f6 6. Nh4 g6 7. f4 d6 8. f5 Bxf5 9. Nxf5 gxf5 10. Qh5+ Kd7 11. Qxf5+ Ke8 12. Qe6+ Qe7 13. Qc8+ Qd8 14. Qxb7 Nd7 15.
Qd5 Rb8 16. Qf7# 1-0

[Event "Early-Titled-Tuesday-Blitz-October-24-2023"]
[Site "Chess.com"]
[Date "2023.10.24"]
[Round "2"]
[White "ama18"]
[Black "Felix-Rose"]
[Result "1-0"]
[WhiteElo "2526"]
[BlackElo "2294"]
[TimeControl "180+1"]
[EndTime "8:13:53 PDT"]
[Termination "ama18 won by resignation"]

1. Nf3 d5 2. g3 Nf6 3. Bg2 e6 4. O-O b5 5. d4 Bb7 6. a4 b4 7. c3 c5 8. dxc5 Bxc5 9. cxb4 Bxb4 10. Ne5 Nbd7 11. Nd3 Be7 12. Bf4 O-O 13. Nc3 Rc8 14. Nb5 Nc5 15. Nxa7 Ra8 16. Nb5 Nxd3 17. Qxd3 Ba6 18.
Rfc1 Qb6 19. Qd4 Qxd4 20. Nxd4 Nd7 21. Rc7 Rfd8 22. Nc6 Bxe2 23. Nxe7+ Kf8 24. Nc6 1-0

[Event "Early-Titled-Tuesday-Blitz-October-24-2023"]
[Site "Chess.com"]
[Date "2023.10.24"]
[Round "2"]
[White "PositionalPanther"]
[Black "GroovyKettle"]
[Result "0-1"]
[WhiteElo "2600"]
[BlackElo "2970"]
[TimeControl "180+1"]
[EndTime "8:13:54 PDT"]
[Termination "GroovyKettle won by resignation"]

1. Nf3 Nf6 2. g3 g6 3. b3 Bg7 4. Bb2 O-O 5. Bg2 d5 6. c4 e6 7. O-O b6 8. cxd5 exd5 9. d4 Bb7 10. Re1 Re8 11. Nc3 Nbd7 12. Rc1 a6 13. Qd3 Ne4 14.
Nd2 Ndf6 15. Ndxe4 dxe4 16. Qe3 Ng4 17. Qf4 f5 18. Nxe4 Bxe4 19. Bxe4 Rxe4 20. Qxc7 Qxc7 21. Rxc7 Bxd4 22. Bxd4 Rxd4 23. f3 Ne3 24. Kf2 Re8 25. Rb7 Nd1+ 26. Kf1 Re6 27. e4 fxe4 28. Rxe4 Rdxe4 29.
fxe4 Nc3 30. Ra7 a5 0-1

[Event "Early-Titled-Tuesday-Blitz-October-24-2023"]
[Site "Chess.com"]
[Date "2023.10.24"]
[Round "2"]
[White "aranibos"]
[Black "noblerone"]
[Result "0-1"]
[WhiteElo "2291"]
[BlackElo "2523"]
[TimeControl "180+1"]
[EndTime "8:13:55 PDT"]
[Termination "noblerone won by resignation"]

1. e4 d5 2. exd5 Qxd5 3. Nc3 Qd8 4. h3 c6 5. Nf3 Bf5 6. Bc4 e6 7. O-O Nf6 8. d4 Bd6 9. Re1 O-O 10. Bg5 h6 11. Bxf6 Qxf6 12. Ne4 Bxe4 13. Rxe4 Nd7 14. c3 Rad8 15. Qe1 Nb6 16. Bb3 Nd5 17. Ne5 c5 18. Rd1 cxd4 19. Rdxd4 Bc5 20. Ng4 Qg6 21. Rc4 b6 22.
Ne5 Qf5 23. Rf4 Nxf4 24. Nc6 Rd7 0-1

[Event "Early-Titled-Tuesday-Blitz-October-24-2023"]
[Site "Chess.com"]
[Date "2023.10.24"]
[Round "2"]
[White "Boninknights"]
[Black "nihalsarin"]
[Result "0-1"]
[WhiteElo "2287"]
[BlackElo "3117"]
[TimeControl "180+1"]
[EndTime "8:13:59 PDT"]
[Termination "nihalsarin won by resignation"]

1. d4 a6 2. Bg5 c5 3. dxc5 Qa5+ 4. Nc3 Qxc5 5. Qd5 e6 6. Qxc5 Bxc5 7. Ne4 Be7 8. Bf4 Nc6 9. Nd6+ Kf8 10. O-O-O Nf6 11. f3 Nd5 12. Bg3 Ne3 13. Nxc8 Rxc8 14. Rxd7 Nxf1 15.
e4 Nxg3 16. hxg3 Rb8 17. Ne2 Ne5 18. Rc7 Bd6 19. Rc3 Ke7 20. Rd1 Rhd8 21. Nf4 Nc6 22. Ne2 Be5 23. Rcd3 Rxd3 24. Rxd3 Rd8 25. Rxd8 Kxd8 26.
f4 Bc7 27. e5 Ke7 28. Nc3 Nxe5 29. fxe5 Bxe5 30. Ne4 f5 31. Nc5 Bxg3 32. Nxb7 g5 33.
Nc5 h5 34. Kd2 Bd6 35. Nxa6 g4 36. b4 h4 37. Ke2 f4 38. Kf2 e5 39. b5 e4 40. b6 e3+ 41. Kf1 f3 42. gxf3 gxf3 43. b7 Bg3 0-1

[Event "Early-Titled-Tuesday-Blitz-October-24-2023"]
[Site "Chess.com"]
[Date "2023.10.24"]
[Round "2"]
[White "Keeper0416"]
[Black "js20000"]
[Result "0-1"]
[WhiteElo "2587"]
[BlackElo "2917"]
[TimeControl "180+1"]
[EndTime "8:14:02 PDT"]
[Termination "js20000 won by resignation"]

1. d4 e6 2. c4 b6 3. Nf3 Bb7 4. a3 f5 5. Nc3 Nf6 6. d5 Bd6 7. g3 O-O 8. Bg2 e5 9. O-O a6 10. b4 a5 11. Rb1 axb4 12. axb4 e4 13. Nd4 g6 14. Ndb5 Be5 15. f4 Bxc3 16. Nxc3 d6 17. Be3 Nbd7 18. Bd4 Ba6 19. Qb3 Qe7 20. e3 Ra7 21.
Ra1 Rfa8 22. b5 Bc8 23. Qb2 Nc5 24. Rxa7 Rxa7 25. Ra1 Rxa1+ 26. Qxa1 Nfd7 27. Qa7 Bb7 28. Qa3 Qd8 29. Na4 Qa8 30. Bxc5 Nxc5 31. Qc3 Nxa4 32. Qf6 Qf8 33. Qg5 Nc5 34. h4 Kg7 35. h5 Qf6 0-1

[Event "Early-Titled-Tuesday-Blitz-October-24-2023"]
[Site "Chess.com"]
[Date "2023.10.24"]
[Round "2"]
[White "c63_amg"]
[Black "Ural_bogatyr"]
[Result "1-0"]
[WhiteElo "2813"]
[BlackElo "2548"]
[TimeControl "180+1"]
[EndTime "8:14:06 PDT"]
[Termination "c63_amg won by resignation"]

1. e4 e5 2. Nf3 Nc6 3. d4 exd4 4. Bc4 Bc5 5. Ng5 Nh6 6. Nxf7 Nxf7 7. Bxf7+ Kxf7 8. Qh5+ g6 9. Qxc5 d5 10. O-O dxe4 11.
c3 Qd6 12. cxd4 Nxd4 13. Qxd6 Ne2+ 14. Kh1 cxd6 15. Be3 b6 16. Nd2 d5 17. f3 Re8 18.
fxe4+ Kg8 19. Bh6 Ba6 20. exd5 Rad8 21. Rf2 Rxd5 22. Ne4 Rdd8 23. Nf6+ Kf7 24. Nxe8+ Kxe8 25. Re1 1-0

[Event "Early-Titled-Tuesday-Blitz-October-24-2023"]
[Site "Chess.com"]
[Date "2023.10.24"]
[Round "2"]
[White "Akylbek2021"]
[Black "Khromkin"]
[Result "1-0"]
[WhiteElo "2270"]
[BlackElo "2487"]
[TimeControl "180+1"]
[EndTime "8:14:06 PDT"]
[Termination "Akylbek2021 won by checkmate"]

1. d4 d5 2. c4 dxc4 3. e3 e5 4. Bxc4 exd4 5. exd4 Nf6 6. Nf3 Bd6 7. O-O O-O 8. h3 h6 9. Nc3 Nc6 10. Re1 Re8 11. a3 Bf5 12. b4 a6 13. Bb2 Qd7 14. Bf1 Rad8 15. d5 Ne5 16. Nd4 Bh7 17. Rc1 Ng6 18. g3 Rxe1 19. Qxe1 Be5 20. Nf3 Bxc3 21. Qxc3 Nxd5 22. Qxg7# 1-0

[Event "Early-Titled-Tuesday-Blitz-October-24-2023"]
[Site "Chess.com"]
[Date "2023.10.24"]
[Round "2"]
[White "dimitrisl"]
[Black "Zampronha1971"]
[Result "1-0"]
[WhiteElo "2573"]
[BlackElo "2333"]
[TimeControl "180+1"]
[EndTime "8:14:12 PDT"]
[Termination "dimitrisl won by resignation"]

1. e4 c5 2. Nf3 e6 3. d4 cxd4 4.
Nxd4 Nc6 5. Nc3 a6 6. Nxc6 bxc6 7.
Bd3 d5 8. O-O Nf6 9. Qe2 Be7 10.
e5 Nd7 11. f4 Qc7 12. Na4 c5 13. c4 d4 14. Bd2 Bb7 15. b3 O-O 16. Rae1 g6 17.
Nb2 a5 18. a4 Rab8 19. Rb1 Rfd8 20. Nd1 Bf8 21. Nf2 Bg7 22. Qe1 Ra8 23. Ng4 Nb8 24.
Qh4 h5 25. Nf6+ Bxf6 26. exf6 Qd6 27. Qg5 Kf8 28. Rbe1 Nc6 29. f5 exf5 30. Qh6+ 1-0

[Event "Early-Titled-Tuesday-Blitz-October-24-2023"]
[Site "Chess.com"]
[Date "2023.10.24"]
[Round "2"]
[White "Giorno"]
[Black "InitiatingASC"]
[Result "1/2-1/2"]
[WhiteElo "2560"]
[BlackElo "2336"]
[TimeControl "180+1"]
[EndTime "8:14:16 PDT"]
[Termination "Game drawn by agreement"]

1. d4 Nf6 2. Bg5 c5 3. Bxf6 gxf6 4. d5 e6 5. Nc3 e5 6. e4 d6 7. Bb5+ Nd7 8. Nge2 a6 9. Bxd7+ Bxd7 10. Ng3 Qc8 11.
h3 f5 12. Nh5 Be7 13. Qf3 f4 14. g3 fxg3 15. fxg3 Rg8 16. g4 Bh4+ 17. Kf1 Qd8 18. Rh2 Qg5 19. Rf2 O-O-O 20. Rg2 1/2-1/2

[Event "Early-Titled-Tuesday-Blitz-October-24-2023"]
[Site "Chess.com"]
[Date "2023.10.24"]
[Round "2"]
[White "Levanzovsky"]
[Black "Orujov2008"]
[Result "0-1"]
[WhiteElo "2481"]
[BlackElo "2753"]
[TimeControl "180+1"]
[EndTime "8:14:19 PDT"]
[Termination "Orujov2008 won by resignation"]

1. e4 e5 2. Nf3 Nf6 3. d3 Nc6 4. g3 d5 5. exd5 Nxd5 6. Bg2 Be7 7. O-O O-O 8. Re1 f6 9. a3 a5 10. d4 Bg4 11. h3 Bh5 12. g4 Bf7 13. dxe5 fxe5 14.
Nxe5 Nxe5 15. Rxe5 c6 16. Re1 Qb6 17. Nd2 Bh4 18.
Nf3 Bxf2+ 19. Kh1 Bxe1 20. Qxe1 Rae8 21. Qg3 Ne3 22. Bxe3 Rxe3 23. Qf2 Bd5 0-1

[Event "Early-Titled-Tuesday-Blitz-October-24-2023"]
[Site "Chess.com"]
[Date "2023.10.24"]
[Round "2"]
[White "adotand"]
[Black "SaqoChess_Twitch"]
[Result "1-0"]
[WhiteElo "2848"]
[BlackElo "2570"]
[TimeControl "180+1"]
[EndTime "8:14:24 PDT"]
[Termination "adotand won by resignation"]

1. Nf3 d5 2. e3 e6 3. b3 c5 4. Bb2 Nc6 5. Be2 Nf6 6. O-O Be7 7. d4 cxd4 8. exd4 O-O 9. Nbd2 Ne4 10. Bd3 f5 11. a3 a6 12. c4 Bd6 13. Qe2 Qf6 14.
b4 Qh6 15. h3 g5 16. Ne5 g4 17.
Bxe4 dxe4 18. hxg4 Nxe5 19. dxe5 Be7 20. c5 Bg5 21.
Nc4 Bd7 22. Nd6 Bc6 23. gxf5 exf5 24. Qc4+ Kg7 25. e6+ Kg6 26. e7 Rf6 27. Bxf6 Bxf6 28. Qe6 Qg5 29. e8=Q+ Bxe8 30. Nxe8 Rxe8 31. Qxe8+ Kg7 32.
Rad1 f4 33. Rd7+ Kh6 34. Qxe4 1-0

[Event "Early-Titled-Tuesday-Blitz-October-24-2023"]
[Site "Chess.com"]
[Date "2023.10.24"]
[Round "2"]
[White "ContrVersia"]
[Black "LeoLV10"]
[Result "1-0"]
[WhiteElo "2916"]
[BlackElo "2587"]
[TimeControl "180+1"]
[EndTime "8:14:28 PDT"]
[Termination "ContrVersia won by resignation"]

1. Nf3 Nf6 2. c4 c5 3. b3 g6 4. g3 Bg7 5. Bb2 O-O 6. Bg2 Nc6 7. O-O d6 8. d4 Nd7 9. Qd2 cxd4 10. Nxd4 Nxd4 11.
Bxd4 Bxd4 12. Qxd4 Qb6 13. Qd2 Nf6 14. Nc3 Be6 15.
h3 Rac8 16. Rfd1 a6 17. Rac1 Rfd8 18. e3 Qc7 19. Ne2 Bd7 20. a4 Bc6 21. f3 Kg7 22. g4 h6 23. Nd4 e5 24. Nxc6 bxc6 25. Qc3 Qe7 26. b4 Rb8 27. f4 exf4 28. exf4 d5 29. g5 hxg5 30. fxg5 d4 31. Rxd4 Qe5 32. Rxd8 Qxc3 33.
Rxc3 Rxd8 34. gxf6+ Kxf6 35. Bxc6 Rd1+ 36. Kf2 Rb1 37.
b5 Ke5 38. bxa6 Rb6 39. a7 1-0

[Event "Early-Titled-Tuesday-Blitz-October-24-2023"]
[Site "Chess.com"]
[Date "2023.10.24"]
[Round "2"]
[White "carokannlover213"]
[Black "Logman74"]
[Result "1-0"]
[WhiteElo "2724"]
[BlackElo "2433"]
[TimeControl "180+1"]
[EndTime "8:14:29 PDT"]
[Termination "carokannlover213 won by resignation"]

1. e4 c5 2. Nf3 d6 3. d4 cxd4 4. Nxd4 Nf6 5. Nc3 a6 6. h3 e6 7. g4 d5 8. exd5 Nxd5 9. Nde2 Bb4 10. Bd2 O-O 11. Nxd5 Qxd5 12. Bxb4 Qxh1 13. Bxf8 Nc6 14. Bc5 e5 15. Qd3 e4 16. Qe3 Be6 17. Ng3 Qg1 18. f4 Qh2 19. Qf2 Qxf2+ 20. Kxf2 Rc8 21. c3 Na5 22.
Bb6 Nc4 23. Bxc4 Rxc4 24. Bd4 Bd5 25. Ke3 g6 26. Nxe4 Kf8 27. Nf6 Be6 28. Nxh7+ Ke7 29. Ng5 Kd6 30. Nxe6 1-0

[Event "Early-Titled-Tuesday-Blitz-October-24-2023"]
[Site "Chess.com"]
[Date "2023.10.24"]
[Round "2"]
[White "gpsji27"]
[Black "sjoerd893"]
[Result "0-1"]
[WhiteElo "2279"]
[BlackElo "2516"]
[TimeControl "180+1"]
[EndTime "8:14:32 PDT"]
[Termination "sjoerd893 won by resignation"]

1. d4 d5 2. Nf3 Nf6 3. c4 c6 4.
Nc3 e6 5. Bg5 h6 6. Bh4 dxc4 7.
e4 g5 8. Bg3 b5 9. e5 Nd5 10. a4 Nxc3 11. bxc3 Bb7 12. h4 g4 13.
Nd2 h5 14. Rb1 a6 15. Nxc4 Nd7 16. Ne3 Qa5 17. Qc2 c5 18. axb5 cxd4 19. Nd1 Rc8 20. bxa6 Bxa6 21. Bxa6 Qxa6 22. Qe2 Qxe2+ 23. Kxe2 dxc3 24.
Kd3 c2 25. Rc1 cxd1=Q+ 26. Rhxd1 Rxc1 27. Rxc1 Ke7 28. Bf4 Bh6 0-1

[Event "Early-Titled-Tuesday-Blitz-October-24-2023"]
[Site "Chess.com"]
[Date "2023.10.24"]
[Round "2"]
[White "dawid498"]
[Black "Chernov_Mikhail"]
[Result "1-0"]
[WhiteElo "2697"]
[BlackElo "2388"]
[TimeControl "180+1"]
[EndTime "8:14:34 PDT"]
[Termination "dawid498 won by resignation"]

1. e4 c5 2. Nf3 Nc6 3. d4 cxd4 4. Nxd4 Nf6 5. Nc3 d6 6. Nb3 g6 7. Be2 Bg7 8. O-O O-O 9. Re1 a6 10. Bf1 b5 11. a4 b4 12. Nd5 Bb7 13. a5 Nxd5 14.
exd5 Ne5 15. Ra4 Qc7 16. Rxb4 Rfc8 17. f4 Nd7 18. Rxe7 Rab8 19. c3 Bf6 20. Re1 Nc5 21.
Be3 Re8 22. Nxc5 dxc5 23. Rb6 Bg7 24. d6 Qd7 25. Bxc5 Rbc8 26. Bf2 Rxe1 27. Qxe1 Re8 28. Rxb7 1-0

[Event "Early-Titled-Tuesday-Blitz-October-24-2023"]
[Site "Chess.com"]
[Date "2023.10.24"]
[Round "2"]
[White "IljaZaragatski"]
[Black "Hooded_Old_Man"]
[Result "1/2-1/2"]
[WhiteElo "2637"]
[BlackElo "2367"]
[TimeControl "180+1"]
[EndTime "8:14:34 PDT"]
[Termination "Game drawn by repetition"]

1. c4 e6 2. g3 d5 3. Bg2 Nf6 4. Nf3 Be7 5. O-O O-O 6. b3 a5 7. Nc3 Bd7 8. Bb2 a4 9. Nxa4 Bxa4 10. bxa4 c6 11. Qc2 Qa5 12. Rfb1 Qxa4 13. Qxa4 Rxa4 14.
cxd5 exd5 15. Bc3 b5 16. d3 Nbd7 17. Rc1 Rfa8 18. Rc2 b4 19. Bxf6 Bxf6 20. Rb1 c5 21. Ne1 Rxa2 22. Bxd5 Rxc2 23. Nxc2 Re8 24. Kf1 g6 25. e3 Kg7 26. Ke2 h5 27. f4 Nb6 28.
Bb3 Ra8 29. e4 Bc3 30. Ne3 Bd4 31. Nc2 Bc3 32. Ne3 Bd4 33. Nc2 Bc3 1/2-1/2

[Event "Early-Titled-Tuesday-Blitz-October-24-2023"]
[Site "Chess.com"]
[Date "2023.10.24"]
[Round "2"]
[White "SONOFHOLYGOD"]
[Black "zeebraa"]
[Result "1-0"]
[WhiteElo "2510"]
[BlackElo "2262"]
[TimeControl "180+1"]
[EndTime "8:14:34 PDT"]
[Termination "SONOFHOLYGOD won by resignation"]

1. e4 c5 2. d4 cxd4 3. c3 dxc3 4. Bc4 Nc6 5. Nf3 d6 6. O-O Nf6 7. Nxc3 Bg4 8. Qb3 e6 9. Qxb7 Rc8 10. Bb5 Qd7 11. Qa6 Bxf3 12. gxf3 Be7 13. Rd1 O-O 14. Bf4 Qc7 15. Rac1 e5 16. Nd5 Nxd5 17. exd5 exf4 18. Rxc6 Qd7 19. Rdc1 Rxc6 20. dxc6 Qc7 21. Qb7 Rc8 22. Ba6 Qxb7 23. cxb7 Rxc1+ 24. Kg2 1-0

[Event "Early-Titled-Tuesday-Blitz-October-24-2023"]
[Site "Chess.com"]
[Date "2023.10.24"]
[Round "2"]
[White "angryspacevoid"]
[Black "hsd2016"]
[Result "1-0"]
[WhiteElo "2516"]
[BlackElo "2279"]
[TimeControl "180+1"]
[EndTime "8:14:36 PDT"]
[Termination "angryspacevoid won by resignation"]

1. e4 c5 2. c3 e6 3. Nf3 a6 4. d4 cxd4 5. cxd4 Nc6 6. d5 exd5 7. exd5 Nb4 8. a3 Nxd5 9. Qxd5 Nf6 10. Qd4 Be7 11. Bd3 O-O 12. O-O d5 13. Nc3 Be6 14.
Ng5 Qd7 15. Nxe6 fxe6 16. Bg5 Rac8 17. Rae1 Bd6 18. Qh4 h6 19. Bd2 e5 20. f3 Rce8 21. Bc2 Bc5+ 22. Kh1 e4 23. fxe4 dxe4 24. Bxh6 Re5 25.
Bg5 Qe6 26. Bxf6 Rxf6 27. Nxe4 Be7 1-0

[Event "Early-Titled-Tuesday-Blitz-October-24-2023"]
[Site "Chess.com"]
[Date "2023.10.24"]
[Round "2"]
[White "Nick12772"]
[Black "djano"]
[Result "0-1"]
[WhiteElo "2366"]
[BlackElo "2671"]
[TimeControl "180+1"]
[EndTime "8:14:38 PDT"]
[Termination "djano won by resignation"]

1. Nf3 g6 2. g3 Bg7 3. Bg2 c5 4. O-O Nf6 5. c4 O-O 6. d4 d6 7. Nc3 Nc6 8. dxc5 dxc5 9. Be3 Qa5 10. Qa4 Ng4 11. Bd2 Bxc3 12. Qxa5 Bxa5 13. Bxa5 Nxa5 14. h3 Nf6 15. b3 Nc6 16. Rad1 Bf5 17. g4 Be4 18. g5 Nh5 19. e3 Rfd8 20. Nh2 Bxg2 21. Kxg2 Rxd1 22. Rxd1 Rd8 23. Rxd8+ Nxd8 24. Kf3 f5 25. gxf6 Nxf6 26. Kf4 Nc6 27. e4 e5+ 28. Ke3 Kf7 29. Nf3 h6 30. Kd3 Nh5 31. Kc3 Nf4 32.
h4 Kf6 33. a3 Nd4 34. Nd2 g5 35. hxg5+ Kxg5 36. b4 b6 37. a4 a5 38. bxc5 bxc5 39. Nf1 h5 40. Kd2 h4 41. Ke3 Kg4 42. Nh2+ Kh3 43.
Nf3 Ng2+ 0-1